 Dungeon Crawl Stone Soup version 0.20.1-1-g8b1a95d66d (webtiles) character file.

581 NullDivider the Sneak (level 7, -6/44 HPs)
             Began as an Octopode Earth Elementalist on Nov 14, 2017.
             Mangled by an ogre
             ... wielding a +0 giant club
              (30 damage)
             ... on level 4 of the Dungeon.
             The game lasted 00:23:33 (4756 turns).

NullDivider the Sneak (Octopode Earth Elementalist) Turns: 4756, Time: 00:23:33

Health: -6/44      AC:  1    Str:  7    XL:     7   Next: 36%
Magic:  21/21      EV: 14    Int: 20    God:
Gold:   174        SH:  0    Dex: 12    Spells: 12/13 levels left

rFire    . . .     SeeInvis .   v - +2 dagger (freeze)
rCold    . . .     Gourm    .   (no shield)
rNeg     . . .     Faith    .   (helmet restricted)
rPois    .         Spirit   .   (no amulet)
rElec    .         Reflect  .   u - ring of magical power
rCorr    .         Harm     .   (no ring)
MR       .....                  (no ring)
Stlth    ++++......             (no ring)
Regen    0.2/turn               (no ring)
MPRegen  0.2/turn               (no ring)
                                (no ring)
                                (no ring)

@: no status effects
A: almost no armour, stealthy swim, amphibious, 8 rings, constrict 8, camouflage
1, gelatinous body 1
a: no special abilities


You were on level 4 of the Dungeon.
You were not hungry.

You visited 1 branch of the dungeon, and saw 4 of its levels.

You collected 174 gold pieces.

Inventory:

Hand Weapons
 v - a +2 dagger of freezing (weapon)
 y - a +1 war axe of electrocution
Missiles
 b - 71 stones (quivered)
Jewellery
 t - an uncursed ring of ice
 u - a ring of magical power (left tentacle)
Wands
 p - a wand of polymorph (12/24)
Scrolls
 e - a scroll of blinking {unknown}
 g - 2 scrolls of teleportation {unknown}
 h - 4 scrolls of identify {unknown}
 i - a scroll of remove curse {unknown}
 j - a scroll of recharging {unknown}
 k - 2 scrolls of magic mapping {unknown}
 l - a scroll of fear {unknown}
 n - a scroll of amnesia {unknown}
 q - 2 scrolls of noise {unknown}
Potions
 f - 3 potions of brilliance {unknown}
 m - 3 potions of heal wounds {unknown}
 r - a potion of might {unknown}
 s - 4 potions of curing {unknown}
 x - a potion of lignification {unknown}
 z - a potion of cancellation {unknown}
Books
 d - a book of Geomancy

   Spells                             Type                      Level
   a - Sandblast                      Earth                        1
   b - Passwall                       Transmutation/Earth          2
   c - Stone Arrow                    Conjuration/Earth            3
   d - Petrify                        Transmutation/Earth          4
   e - Lee's Rapid Deconstruction     Earth                        5
Comestibles
 a - 2 meat rations
 c - 3 bread rations
 o - 2 royal jellies
 w - 2 chunks of flesh


   Skills:
 + Level 1.8 Fighting
 + Level 1.2 Short Blades
 + Level 3.2 Dodging
 + Level 6.0 Stealth
 - Level 2.0 Unarmed Combat
 * Level 3.6 Spellcasting
   Level 1.0 Transmutations
 * Level 4.6 Earth Magic


You had 12 spell levels left.
You knew the following spells:

 Your Spells              Type           Power        Failure   Level  Hunger
a - Sandblast             Erth           ###...       1%          1    None


Dungeon Overview and Level Annotations

Branches:
Dungeon (4/15)
 Temple: D:4-7

Altars:
Ashenzari
Ru


Innate Abilities, Weirdness & Mutations

You cannot wear most types of armour.
You are very stealthy in the water. (Stealth+)
You are amphibious.
You can wear up to eight rings at the same time.
You can use your tentacles to constrict eight enemies at once.
Your skin changes colour to match your surroundings (Stealth+).
Your rubbery body absorbs attacks. (AC +1, EV +1)


Message History

Found a stone staircase leading up.
You now have 174 gold pieces (gained 15).
Some of the chunks of flesh in your inventory have rotted away.
Found 5 poisoned needles.
Found a scale mail.
Things that are here:
a leather armour; a club; a chain mail An ogre comes into view.
It is wielding a giant club.
The ogre shouts!
The ogre misses you.
You hit the ogre. You freeze the ogre. You squeeze the ogre, but do no damage.
The ogre is lightly wounded.
You hit the ogre. You freeze the ogre.
The ogre is heavily wounded.
The ogre hits you with a giant club!!
You barely miss the ogre.
The ogre is heavily wounded.
The ogre hits you with a giant club!!
Ouch! That really hurt!
You die...

..# #.....# ..#
#...### ### ##.## #.#
## #.# .#####.#####
.......#...### #
..####.......#####.##
...# #.......##.@O..#
..##
#..........##......
.#####.......####
##### .##..[......>#
###.####...##### #
#.####..##...# #
#.##.........### #
#.##.#..#.[....#####
###.##.#..#.#.##.....#


You could see an ogre.

Vanquished Creatures
  Sigmund (D:2)
  2 ogres (D:4)
  2 iguanas (D:4)
  A worker ant (D:4)
  6 adders
  A gnoll (D:1)
  An adder skeleton (D:4)
  4 worms
  5 dart slugs
  3 leopard geckos
  3 orcs (D:4)
  3 bats
  6 giant cockroaches
  7 goblins
  3 hobgoblins
  8 jackals
  A quokka (D:4)
  2 ball pythons (D:2)
  A ball python skeleton (D:4)
  4 frilled lizards
  9 kobolds
  A quokka skeleton (D:4)
  9 rats
83 creatures vanquished.

Notes
Turn   | Place    | Note
-------+----------+-------------------------------------------
     0 | D:1      | NullDivider the Octopode Earth Elementalist began the quest for the Orb.
     0 | D:1      | Reached XP level 1. HP: 11/11 MP: 3/3
   372 | D:1      | Reached XP level 2. HP: 9/17 MP: 0/5
   653 | D:1      | Reached skill level 3 in Stealth
   769 | D:1      | Reached XP level 3. HP: 21/21 MP: 6/6
  2098 | D:2      | Reached XP level 4. HP: 27/27 MP: 3/7
  2207 | D:2      | Noticed Sigmund
  2216 | D:2      | Killed Sigmund
  2216 | D:2      | Reached skill level 1 in Fighting
  2216 | D:2      | Reached skill level 5 in Stealth
  2216 | D:2      | Reached skill level 1 in Unarmed Combat
  2216 | D:2      | Reached XP level 5. HP: 19/33 MP: 2/9
  2216 | D:2      | Reached XP level 6. HP: 22/38 MP: 2/10
  3057 | D:3      | Found a sacrificial altar of Ru.
  3099 | D:3      | Found a shattered altar of Ashenzari.
  4296 | D:4      | Reached skill level 1 in Short Blades
  4296 | D:4      | Reached XP level 7. HP: 43/43 MP: 12/12
  4493 | D:4      | Reached skill level 6 in Stealth
  4756 | D:4      | Mangled by an ogre

Skill      XL: |  1  2  3  4  5  6  7 |
---------------+----------------------+-----
Stealth        | 3 5 6 |  6.0
Fighting       | 1 |  1.8
Unarmed Combat | 1 2 |  2.0
Earth Magic    | 4 |  4.6
Spellcasting   | 3 |  3.6
Short Blades   | 1 |  1.2
Dodging        | 3 |  3.2
Transmutations | |  1.0

Action                   |  1- 3 |  4- 6 |  7- 9 || total
-------------------------+-------+-------+-------++-------
Melee: Unarmed           |    98 |    63 |       ||   161
       Constrict         |    29 |    20 |     6 ||    55
       Tentacles         |    14 |    14 |     3 ||    31
       Dagger            |       |    18 |    23 ||    41
       Punch             |       |     1 |       ||     1
 Cast: Sandblast         |    11 |    27 |     2 ||    40
 Stab: Sleeping          |    11 |     7 |     3 ||    21
  Eat: Chunk             |     4 |     7 |     1 ||    12
Armor: Skin              |     3 |    10 |     2 ||    15
Dodge: Dodged            |    49 |    63 |     7 ||   119
